 Dungeon Sprint DCSS version 0.29.1-15-g9cfb28693d (webtiles) character file.

Game seed: 11349845613882937071

637 Groucho the Covert (level 7, -5/32 HPs)
             Began as a Spriggan Earth Elementalist on Mar 19, 2023.
             Was the Champion of Dithmenos.
             Constricted to death by Grinder (8 damage)
             ... in the Dungeon (Sprint VII: "The Pits").
             The game lasted 00:05:00 (1189 turns).

Groucho the Covert (Spriggan Earth Elementalist)    Turns: 1189, Time: 00:05:00

Health: -5/32      AC:  2    Str:  6    XL:     7   Next: 25%
Magic:  9/18       EV: 18    Int: 17    God:    Dithmenos [******]
Gold:   0          SH:  0    Dex: 15    Spells: 16/20 levels left

rFire   . . .      SeeInvis +   h - +2 dagger
rCold   . . .      Faith    .   (no shield)
rNeg    . . .      Spirit   .   a - +0 robe
rPois   .          Reflect  .   (helmet restricted)
rElec   .          Harm     .   (no cloak)
rCorr   .          Rampage  .   (gloves unavailable)
Will    +....      NoTele   +   (boots unavailable)
Stlth   +++++++...              (no amulet)
HPRegen 0.10/turn               (no ring)
MPRegen 0.16/turn               (no ring)

@: grasped by roots, wreathed by umbra, constricted, very quick
A: very small, no large weapons, unfitting armour, see invisible, speed 3
a: Renounce Religion, Shadow Step, Shadow Form


You were in the Dungeon.
You worshipped Dithmenos.
Dithmenos was exalted by your worship.
You visited 1 branch

Inventory:

Hand Weapons
 h - a +2 dagger (weapon)
 m - a +4 short sword
Missiles
 l - 10 stones
Armour
 a - a +0 robe (worn)
Scrolls
 g - a scroll of blinking
 j - 5 scrolls of amnesia
 k - a scroll of summoning
Potions
 b - 5 potions of magic
 c - 6 potions of curing
 d - 4 potions of heal wounds
 e - a potion of haste
 f - 3 potions of berserk rage
 i - 2 potions of invisibility


   Skills:
 + Level 5.3 Short Blades
 + Level 7.6 Dodging
 + Level 9.1 Stealth
 + Level 7.1 Spellcasting
 * Level 5.3 Conjurations
 - Level 1.3 Transmutations
 * Level 7.4 Earth Magic
 + Level 4.9 Invocations


You had 16 spell levels left.
You knew the following spells:

 Your Spells              Type           Power      Damage    Failure   Level
a - Sandblast             Erth           62%        2d14      1%          1
b - Stone Arrow           Conj/Erth      54%        3d10      2%          3

Your spell library contained the following spells:

 Spells                   Type           Power      Damage    Failure   Level
 Passwall                 Tmut/Erth      17%        N/A       2%          2
 Petrify                  Tmut/Erth      21%        N/A       19%         4


Dungeon Overview and Level Annotations

Branches:
Dungeon (1/1)

Altars:
Ashenzari
Cheibriados
Dithmenos
Elyvilon
Fedhas
Gozag
Hepliaklqana
Kikubaaqudgha
Makhleb
Nemelex Xobeh
Okawaru
Qazlal
Ru
Sif Muna
Trog
Uskayaw
Vehumet
Wu Jian
Xom
Yredelemnul
Zin
The Shining One
Jiyva
Lugonu

Annotations:
D Grinder


Innate Abilities, Weirdness & Mutations

You are very small and have problems with some larger weapons.
You are too small for most types of armour.
You have supernaturally acute eyesight. (SInv)
You cover ground extremely quickly. (Speed+++)


Message History

Grinder comes into view.
She is carrying a wand of roots (12).
Casting: Sandblast (safe; 1% risk of failure)
Confirm with . or Enter, or press ? or * to list all spells.
Aiming: Sandblast (safe; 1% risk of failure)
Press: ? - help, Shift-Dir - straight line, f - Grinder
Aim: Grinder, carrying a wand of roots (12) (asleep, umbra, 100% to hit)
The blast of sand hits Grinder!
Grinder is moderately wounded.
Grinder shouts!
Casting: Sandblast (safe; 1% risk of failure)
Confirm with . or Enter, or press ? or * to list all spells.
Aiming: Sandblast (safe; 1% risk of failure)
Press: ? - help, Shift-Dir - straight line, f/p - Grinder
Aim: Grinder, carrying a wand of roots (12) (moderately wounded, umbra, 82% to hit)
The blast of sand hits Grinder!
Grinder is heavily wounded.
Grinder zaps a wand.
The roots erupt in riotous growth!
The grasping roots grab you!
Grinder is unaffected.
The grasping roots constrict you! Grinder closely misses you.
The grasping roots constrict you!
You emit a cloud of dark smoke.
Unknown command.
Casting: Sandblast (safe; 1% risk of failure)
Confirm with . or Enter, or press ? or * to list all spells.
Aiming: Stone Arrow (dangerous; 2% risk of failure)
Press: ? - help, Shift-Dir - straight line, f/p - Grinder
Aim: Grinder, carrying a wand of roots (11) (heavily wounded, umbra, 68% to hit)
The stone arrow misses Grinder.
Grinder closely misses you. The grasping roots constrict you.
Unknown command.
Unknown command.
Casting: Stone Arrow (dangerous; 2% risk of failure)
Confirm with . or Enter, or press ? or * to list all spells.
Aiming: Stone Arrow (dangerous; 2% risk of failure)
Press: ? - help, Shift-Dir - straight line, f/p - Grinder
Aim: Grinder, carrying a wand of roots (11) (heavily wounded, umbra, 68% to hit)
The stone arrow misses Grinder.
Grinder hits you!
* * * LOW HITPOINT WARNING * * *
The grasping roots constrict you!
You die...

#.#........##.......#
#)#........##.......#
#'###########.......#
#....)..# #########
#...#...# #...#...#
#.##)##.# #...#§§§#
#...#§§@# #....§.§5.#
###########


You could see Grinder.

Vanquished Creatures
  A floating eye (D)
  An ice beast (D)
  5 wights (D)
  An orc priest (D)
  4 orc wizards (D)
  A mummy (D)
  An adder (D)
  An ufetubus (D)
  9 orcs (D)
  A bat skeleton (D)
  2 endoplasms (D)
  A goblin (D)
  A hobgoblin (D)
  A frilled lizard (D)
30 creatures vanquished.

Notes
Turn   | Place    | Note
-------+----------+-------------------------------------------
     0 | D        | Groucho the Spriggan Earth Elementalist began the quest for
                  | the Orb.
     0 | D        | Reached XP level 1. HP: 9/9 MP: 5/5
    10 | D        | Reached skill level 4 in Stealth
    10 | D        | Reached XP level 2. HP: 13/13 MP: 4/7
    15 | D        | Found a bloodstained altar of Trog.
    15 | D        | Found a shimmering blue altar of Sif Muna.
    15 | D        | Found a viscous altar of Jiyva.
    15 | D        | Found a hazy altar of Hepliaklqana.
    15 | D        | Found an opulent altar of Gozag.
    16 | D        | Found a glowing golden altar of the Shining One.
    16 | D        | Found a glowing silver altar of Zin.
    16 | D        | Found a basalt altar of Yredelemnul.
    16 | D        | Found a shimmering altar of Xom.
    16 | D        | Found an ornate altar of the Wu Jian Council.
    16 | D        | Found a sacrificial altar of Ru.
    16 | D        | Found a stormy altar of Qazlal.
    16 | D        | Found an iron altar of Okawaru.
    16 | D        | Found a sparkling altar of Nemelex Xobeh.
    16 | D        | Found a burning altar of Makhleb.
    16 | D        | Found a blossoming altar of Fedhas.
    16 | D        | Found a white marble altar of Elyvilon.
    16 | D        | Found a shadowy altar of Dithmenos.
    16 | D        | Found a snail-covered altar of Cheibriados.
    17 | D        | Found a radiant altar of Vehumet.
    17 | D        | Found a corrupted altar of Lugonu.
    18 | D        | Found a hide-covered altar of Uskayaw.
    18 | D        | Found an ancient bone altar of Kikubaaqudgha.
    18 | D        | Found a broken altar of Ashenzari.
    25 | D        | Became a worshipper of Dithmenos the Shadowed
    66 | D        | Noticed a floating eye
    70 | D        | Paralysed by a floating eye for 3 turns
    73 | D        | Reached * piety under Dithmenos
    75 | D        | Paralysed by a floating eye for 4 turns
    79 | D        | Killed a floating eye
    80 | D        | Reached skill level 5 in Dodging
    80 | D        | Reached skill level 6 in Stealth
    80 | D        | Reached XP level 3. HP: 15/16 MP: 1/10
    80 | D        | Reached XP level 4. HP: 20/21 MP: 1/11
   434 | D        | Learned a level 3 spell: Stone Arrow
   442 | D        | Reached ** piety under Dithmenos
   446 | D        | Reached skill level 5 in Earth Magic
   502 | D        | Reached skill level 5 in Spellcasting
   502 | D        | Reached XP level 5. HP: 24/24 MP: 9/13
   519 | D        | Reached *** piety under Dithmenos
   520 | D        | Reached skill level 7 in Stealth
   711 | D        | Reached **** piety under Dithmenos
   724 | D        | Reached XP level 6. HP: 28/28 MP: 8/15
   765 | D        | Reached ***** piety under Dithmenos
   774 | D        | Noticed an ice beast
   858 | D        | Killed an ice beast
   859 | D        | Reached skill level 8 in Stealth
   955 | D        | Reached skill level 5 in Short Blades
   955 | D        | Reached skill level 5 in Conjurations
   955 | D        | Reached XP level 7. HP: 32/32 MP: 1/18
  1173 | D        | Reached ****** piety under Dithmenos
  1174 | D        | Reached skill level 9 in Stealth
  1185 | D        | Noticed Grinder
  1189 | D        | Constricted to death by Grinder

Illustrated notes

Levels and vault maps discovered:
D:        pitsprint [storerooms_1, entrance_room_1, metal_vault_3, armoury_3,
          mini_pit_1, grid_room_1, main_hall_1, silver_pit, the_coven_2,
          the_vestibule_1, steel_vault_4, golden_pit, hallway_of_sentries,
          crystal_vault_1, iron_vault_1, final_vault]

Skill      XL: |  1  2  3  4  5  6  7 |
---------------+----------------------+-----
Dodging        | 3 5 6 7 |  7.6
Stealth        | 4 6 7 8 9 |  9.1
Spellcasting   | 3 4 5 6 7 |  7.1
Earth Magic    | 3 4 5 6 7 |  7.4
Short Blades   | 2 3 4 5 |  5.3
Conjurations   | 2 3 4 5 |  5.3
Invocations    | 2 3 4 |  4.9
Transmutations | |  1.3

Action                   |  1- 3 |  4- 6 |  7- 9 || total
-------------------------+-------+-------+-------++-------
 Cast: Sandblast         |     9 |    41 |    13 ||    63
       Stone Arrow       |       |     6 |     2 ||     8
  Use: Potion            |       |     2 |       ||     2
Dodge: Dodged            |     3 |     5 |     2 ||    10
